 Dungeon Crawl Stone Soup version 0.22-a0-362-g535178c (webtiles) character file.

53 4thArraOfDagon the Firebug (level 3, -1/21 HPs)
             Began as an Octopode Fire Elementalist on Apr 20, 2018.
             Slain by a worm (10 damage)
             ... on level 2 of the Dungeon.
             The game lasted 00:02:09 (454 turns).

4thArraOfDagon the Firebug (OpFE)                    Turns: 454, Time: 00:02:10

Health: -1/21      AC:  1    Str:  7    XL:     3   Next: 89%
Magic:  6/6        EV: 12    Int: 22    God:
Gold:   79         SH:  3    Dex: 12    Spells: 2/6 levels left

rFire    . . .     SeeInvis .   d - -1 mace (curse)
rCold    . . .     Gourm    .   j - +0 buckler
rNeg     . . .     Faith    .   (helmet restricted)
rPois    .         Spirit   .   (no amulet)
rElec    .         Reflect  .   c - ring of protection from magic
rCorr    .         Harm     .   i - +4 ring of intelligence
MR       +....                  (no ring)
Stlth    +++.......             (no ring)
HPRegen  0.07/turn              (no ring)
MPRegen  0.10/turn              (no ring)
                                (no ring)
                                (no ring)

@: no status effects
A: almost no armour, stealthy swim, amphibious, 8 rings, constrict 8, camouflage
1, gelatinous body 1
a: no special abilities


You were on level 2 of the Dungeon.
You were not hungry.

You visited 1 branch of the dungeon, and saw 2 of its levels.

You collected 79 gold pieces.

Inventory:

Hand Weapons
 d - a cursed -1 mace (weapon)
Armour
 j - a +0 buckler (worn)
Jewellery
 c - a ring of protection from magic (left tentacle)
 i - a +4 ring of intelligence (right tentacle)
Scrolls
 a - a scroll of fear {unknown}
 g - a scroll of remove curse {unknown}
 m - a scroll of identify {unknown}
Potions
 e - a potion of heal wounds {unknown}
 f - 2 potions of curing {unknown}
 h - a potion of agility {unknown}
 k - a potion of lignification {unknown}
 n - a potion of invisibility {unknown}
Comestibles
 b - 4 rations
 l - 2 chunks of flesh


   Skills:
 - Level 2.0 Dodging
 - Level 2.6 Stealth
 + Level 0.3 Shields
 + Level 2.4 Spellcasting
 * Level 2.3 Conjurations
 * Level 3.7 Fire Magic


You had 2 spell levels left.
You knew the following spells:

 Your Spells              Type           Power        Failure   Level  Hunger
a - Flame Tongue          Conj/Fire      ###..        6%          1    None
b - Conjure Flame         Conj/Fire      ###.....     19%         3    ###....


Dungeon Overview and Level Annotations

Branches:
Dungeon (2/15)

Altars:
The Shining One
Jiyva


Innate Abilities, Weirdness & Mutations

You cannot wear most types of armour.
You are very stealthy in the water. (Stealth+)
You are amphibious.
You can wear up to eight rings at the same time.
You can use your tentacles to constrict eight enemies at once.
Your skin changes colour to match your surroundings (Stealth+).
Your rubbery body absorbs attacks. (AC +1, EV +1)


Message History

You hit the dart slug.
You kill the dart slug!
Unknown command.
Unknown command.
Unknown command.
The helpless rat fails to defend itself.
You hit the rat. You grab the rat.
The rat is moderately wounded.
You constrict the rat.
You kill the rat!
Unknown command.
The kobold shouts!
Unknown command.
Unknown command.
The worm bites you!
Unknown command.
You hit the worm. You grab the worm.
The worm is lightly wounded.
You constrict the worm. The kobold closely misses you. The worm bites you!
You die...

.## .. .## ###...
###...# ##.....#
##.....##
#...%...#
###......@# ######
#.......Kw#
.....###.##..†.%##
...#............#
.......###.......#
####.............#
#######....w..#
##.....## ##w...#


You could see 2 worms and a kobold.

Vanquished Creatures
  An adder (D:2)
  An ooze (D:1)
  A worm (D:2)
  2 dart slugs
  A leopard gecko (D:1)
  A giant cockroach (D:1)
  6 goblins
  2 hobgoblins (D:1)
  8 kobolds (D:1)
  4 bats
  A frilled lizard (D:1)
  4 rats
32 creatures vanquished.

Notes
Turn   | Place    | Note
-------+----------+-------------------------------------------
     0 | D:1      | 4thArraOfDagon the Octopode Fire Elementalist began the quest for the Orb.
     0 | D:1      | Reached XP level 1. HP: 11/11 MP: 3/3
    36 | D:1      | Reached XP level 2. HP: 15/17 MP: 0/5
   118 | D:1      | Found a viscous altar of Jiyva.
   217 | D:1      | Reached XP level 3. HP: 20/21 MP: 2/6
   222 | D:1      | Learned a level 3 spell: Conjure Flame
   362 | D:1      | Found a glowing golden altar of the Shining One.
   454 | D:2      | Slain by a worm

Vault maps used:
D:1:      erik_arrival_cave_to_civilisation, minmay_misc_feat_room,
          tso_metal_star
D:2:      first_ration

Skill      XL: |  1  2  3 |
---------------+----------+-----
Conjurations   | 2 |  2.3
Dodging        | |  2.0
Stealth        | |  2.6
Shields        | |  0.3
Spellcasting   | |  2.4
Fire Magic     | |  3.7

Action                   || total
-------------------------++-------
Melee: Unarmed           ||    15
       Constrict         ||    23
       Mace              ||    34
       Tentacles         ||     9
 Cast: Flame Tongue      ||    21
 Stab: Distracted        ||     1
       Sleeping          ||     2
Armor: Skin              ||     7
Dodge: Dodged            ||    35
Block: Buckler           ||     4

Table legend:
 A = Spawn XP
 B = Non-spawn XP
 C = Spawn XP percentage of total XP
 D = Spawn monster count
 E = Non-spawn monster count
 F = Spawn count percentage of total count
 G = Total turns spent on level
                    A         B        C        D         E        F      G
               +---------+---------+-------+---------+---------+-------+---------
         Total |       0 |      77 |   0.0 |       0 |      32 |   0.0 |   454
               +---------+---------+-------+---------+---------+-------+---------
           D:1 |       0 |      49 |   0.0 |       0 |      25 |   0.0 |   395
           D:2 |       0 |      28 |   0.0 |       0 |       7 |   0.0 |    59
               +---------+---------+-------+---------+---------+-------+---------
